 Dungeon Crawl Stone Soup version 0.23.1 (webtiles) character file.

Game seed: 0

104637 Jannitor the Marksminotaur (level 15, -6/141 HPs)
             Began as a Minotaur Chaos Knight on Mar 2, 2019.
             Was a Plaything of Xom.
             Mangled by a deep elf knight
             ... wielding a +0 scimitar
              (18 damage)
             ... on level 1 of the Elven Halls.
             The game lasted 01:31:08 (24903 turns).

Jannitor the Marksminotaur (Minotaur Chaos Knight) Turns: 24903, Time: 01:31:08

Health: -6/141     AC: 11    Str: 21 (22) XL:     15   Next: 92%
Magic:  5/5        EV: 23    Int:  9      God:    Xom [......]
Gold:   237        SH:  0    Dex: 11      Spells: 14/14 levels left

rFire    + . .     SeeInvis +   a - +8 battleaxe (antimagic)
rCold    + . .     Gourm    .   (shield currently unavailable)
rNeg     . . .     Faith    .   y - +1 scale mail of the Blessed Realm {Regen+}
rPois    +         Spirit   .   (helmet restricted)
rElec    .         Reflect  .   t - scarf {rC+ rF+}
rCorr    .         Harm     .   (no gloves)
MR       +....                  Y - +2 pair of boots {Fly}
Stlth    ++........             w - amulet of regeneration
HPRegen  1.53/turn              Q - ring of the Vanishing Deaths {EV+2 Slay+3 SInv}
MPRegen  0.09/turn              h - +6 ring of evasion

@: especially stealthy, flying
A: retaliatory headbutt, hooves 1, horns 2, blink, deformed body, poison
resistance, regeneration 1
a: Blink, Renounce Religion, Stop Flying


You were on level 1 of the Elven Halls.
You worshipped Xom.
You were a very special plaything of Xom.
You were hungry.

You visited 5 branches of the dungeon, and saw 25 of its levels.
You also visited: Gauntlet.

You collected 3055 gold pieces.
You spent 2818 gold pieces at shops.

Inventory:

Hand Weapons
 a - a +8 antimagic battleaxe (weapon)
 b - the +7 longbow "Piercer" {penet, EV-2}
   (You found it on level 4 of the Dungeon)

   Ammo fired by it will pass through the targets it hits, potentially hitting
   all targets in its path until it reaches maximum range.
   It affects your evasion (-2).
Missiles
 s - 75 arrows
Armour
 t - a scarf of resistance (worn)
 y - the +1 scale mail of the Blessed Realm (worn) {Regen+}
   (You found it on level 6 of the Dungeon)

   It increases your rate of regeneration.
 Y - a +2 pair of boots of flying (worn)
Jewellery
 d - an uncursed amulet of the gourmand
 e - an uncursed ring of protection from magic
 f - the ring of the Many Hells {*Tele rElec Str+3}
   (You found it in a Gauntlet)

   [ring of teleportation]

   It may teleport you next to monsters.
   It affects your strength (+3).
   It insulates you from electricity.
 h - a +6 ring of evasion (right hand)
 i - an uncursed ring of protection from fire
 m - an uncursed ring of poison resistance
 w - an amulet of regeneration (around neck)
 A - an uncursed ring of positive energy
 C - a +3 ring of protection
 O - a +3 ring of dexterity
 Q - the ring of the Vanishing Deaths (left hand) {EV+2 Slay+3 SInv}
   (You found it on level 14 of the Dungeon)

   [ring of evasion]

   It affects your evasion (+2).
   It affects your accuracy and damage with ranged weapons and melee attacks
   (+3).
   It lets you see invisible.
 T - an uncursed ring of ice
Wands
 u - a wand of flame (19)
 x - a wand of disintegration (40)
 H - a wand of polymorph (12)
 J - a wand of acid (1)
 K - a wand of iceblast (15)
 M - a wand of scattershot (4)
 R - a wand of random effects (48)
Scrolls
 g - 11 scrolls of remove curse
 l - 4 scrolls of fog
 p - a scroll of teleportation
 z - 6 scrolls of identify
 D - 2 scrolls of random uselessness
 F - 4 scrolls of amnesia
 L - a scroll of blinking
 N - 3 scrolls of immolation
 P - 2 scrolls of silence
 U - a scroll of enchant armour
 X - a scroll of holy word
Potions
 j - 2 potions of brilliance
 k - 2 potions of cancellation
 o - a potion of invisibility
 q - 2 potions of magic
 r - 2 potions of berserk rage
 v - 4 potions of agility
 B - 3 potions of curing
 E - 5 potions of mutation
Miscellaneous
 G - a fan of gales
 I - a lamp of fire
Comestibles
 c - 29 rations


   Skills:
 + Level 15.3 Fighting
 + Level 11.8 Axes
 * Level 18.2 Bows
 + Level 14.8 Armour
 + Level 10.4 Dodging
 - Level 4.0 Evocations


You had 14 spell levels left.
You didn't know any spells.
Your spell library contained the following spells:

 Spells                   Type           Power        Failure   Level  Hunger
 Shock                    Conj/Air       #...         63%         1    ##.....
 Corpse Rot               Necr           N/A          77%         2    ###....
 Poisonous Vapours        Pois/Air       #.....       77%         2    ###....
 Sublimation of Blood     Necr           #.........   77%         2    ###....
 Swiftness                Chrm/Air       #.......     77%         2    ###....
 Static Discharge         Conj/Air       #.......     94%         3    ####...
 Airstrike                Air            #.........   100%        4    #####..
 Leda's Liquefaction      Hex/Erth       #.........   100%        4    #####..
 Agony                    Necr           #.......     100%        5    ######.
 Bolt of Draining         Conj/Necr      #.........   100%        5    ######.
 Bolt of Magma            Conj/Fire/Erth #.........   100%        5    ######.
 Dispel Undead            Necr           #.......     100%        5    ######.
 Excruciating Wounds      Chrm/Necr      #.........   100%        5    ######.
 Irradiate                Conj/Tmut      #.........   100%        5    ######.
 Lightning Bolt           Conj/Air       #.........   100%        5    ######.
 Metabolic Englaciation   Hex/Ice        #.........   100%        5    ######.
 Deflect Missiles         Chrm/Air       #.........   100%        6    #######
 Hydra Form               Tmut           #.........   100%        6    #######
 Iron Shot                Conj/Erth      #.........   100%        6    #######
 Statue Form              Tmut/Erth      #........    100%        6    #######
 Dragon Form              Tmut           #.........   100%        7    #######
 Shatter                  Erth           #.........   100%        9    #######


Dungeon Overview and Level Annotations

Branches:
Dungeon (15/15)            Temple (0/1) D:7            Lair (3/6) D:8
  Snake (4/4) Lair:2          Orc (2/2) D:10            Elf (1/3) Orc:2
 Vaults (0/5) D:14         Depths (0/5) D:15
  Swamp: Lair:2-4    Shoals: Lair:2-4

Altars:
Ashenzari
Cheibriados
Dithmenos
Fedhas
Gozag
Kikubaaqudgha
Makhleb
Nemelex Xobeh
Okawaru
Ru
Uskayaw
Vehumet
Xom
Yredelemnul
Beogh

Shops:
D:7 =   D:8 *   D:9 *   D:10 [   Orc:2 ??}[   Snake:1 =}}   Snake:3 ?(*
Snake:4 [

Annotations:
D:10 2 runed translucent doors, Acheron's ghost, novice HaHu
D:14 1 runed translucent door
Lair:1 exclusion: oklob plant
Lair:3 Gastronok
Snake:2 1 transporter, jotwebe's ghost, adept DrCj


Innate Abilities, Weirdness & Mutations

You reflexively headbutt those who attack you in melee.
You have a pair of horns on your head.
You have large cloven feet.
You can translocate small distances at will.
Armour fits poorly on your strangely shaped body.
Your system is resistant to poisons. (rPois)
Your natural rate of healing is unusually fast.


Message History

You barely miss the deep elf knight.
The deep elf knight is almost dead.
The deep elf knight misses you.
The deep elf knight gestures at you while chanting.
The stone arrow hits you!!
* * * LOW HITPOINT WARNING * * *
Unknown command.
You closely miss the deep elf knight.
The deep elf knight is almost dead.
The deep elf knight casts a spell at you.
The orb of energy hits you!!
* * * LOW HITPOINT WARNING * * *
The orb of energy explodes!
You hear a shout! x2
You feel better.
The deep elf knight points at you and mumbles some strange words.
The stone arrow hits you!
* * * LOW HITPOINT WARNING * * *
The deep elf knight hits you with a +0 scimitar!!
You die...

..# #.# # #.# #.#
#.# .. #.# .#
####.##.###.##.
.#............#.
. #. #@# #..#
..#. ###e# #..#
..... #..(# #..#
.....##.### #..#
........# #..#
....e#..# #..#
.....#..# #.<#
.....#(.#####..#
.!...?^...ยง....#


You could see a deep elf knight.

Vanquished Creatures
  Kirke (Snake:2)
  Roxanne (D:15)
  Aizul (Snake:2)
  A minotaur (Gauntlet)
  An ettin (D:10)
  A quicksilver dragon zombie (D:15)
  Erolcha (Orc:2)
  11 anacondas
  10 naga warriors
  4 hydras
  4 two-headed ogres
  2 centaur warriors (D:14)
  3 dancing weapons
  A catoblepas (D:13)
  3 ogre magi (Orc:2)
  A queen ant (Gauntlet)
  A tengu warrior (D:15)
  A vampire mage (D:15)
  4 shock serpents
  A titan skeleton (D:15)
  2 salamander mystics
  2 skeletal warriors (D:15)
  A naga sharpshooter (Snake:2)
  2 sixfirhies (Gauntlet)
  6 naga ritualists
  A sea snake (Snake:4)
  2 unseen horrors
  Pikel (D:5)
  2 orc knights (Orc:1)
  8 mana vipers
  A necromancer (D:15)
  An orb spider (Snake:2)
  2 oklob plants (Lair:1)
  2 deep elf magi
  6 orc sorcerers
  A tengu skeleton (D:15)
  7 salamanders
  An ugly thing (D:11)
  5 cyclopes
  3 guardian serpents
  3 manticores
  A centaur zombie (D:15)
  A torpor snail (Gauntlet)
  27 black mambas
  A gargoyle (D:14)
  11 naga magi
  2 spiny frogs
  2 kobold demonologists
  2 komodo dragons
  An efreet (D:14)
  2 trolls
  A jumping spider (Orc:2)
  A merfolk (Snake:2)
  A hornet (D:14)
  2 polar bears (Lair:3)
  4 blink frogs (Lair:2)
  An ice dragon zombie (D:15)
  10 hippogriffs
  2 shadows
  A wyvern (D:14)
  13 yaks
  2 basilisks
  A vampire (D:12)
  A human (D:8)
  2 hungry ghosts
  4 hogs
  2 wargs
  5 vampire mosquitoes
  35 nagas
  An acid dragon (D:15)
  5 soldier ants (Gauntlet)
  3 water moccasins
  A floating eye (Snake:3)
  8 porcupines
  2 ice beasts
  23 orc warriors
  2 sky beasts (D:8)
  2 eyes of draining
  2 slaves (D:5)
  11 ogres
  A necrophage (D:8)
  2 phantoms
  10 centaurs
  21 wolves
  6 crocodiles
  3 big kobolds
  8 bullfrogs
  Blork the orc (D:5)
  9 scorpions
  2 water moccasin zombies
  21 killer bees
  2 electric eels (Lair:2)
  4 wights (D:7)
  2 howler monkeys (D:7)
  3 bullfrog zombies
  A quasit (D:15)
  6 crimson imps
  15 hounds
  3 jellies
  11 orc priests
  36 orc wizards
  5 centaur skeletons
  5 iguanas
  2 bullfrog skeletons
  12 worker ants
  A killer bee zombie (D:6)
  3 worker ant zombies
  Robin (D:3)
  A howler monkey skeleton (D:4)
  12 adders
  5 shadow imps
  An ooze (D:2)
  An adder skeleton (D:9)
  An adder zombie (D:6)
  A worm (D:2)
  3 dart slugs
  6 leopard geckos
  77 orcs
  A giant cockroach (D:1)
  15 goblins
  8 hobgoblins
  24 jackals
  22 kobolds
  9 quokkas
  3 ball pythons
  5 bats
  3 frilled lizards
  A quokka skeleton (D:7)
  9 rats
  A spectral orc (D:3)
  4 fungi
  5 plants
724 creatures vanquished.

Vanquished Creatures (collateral kills)
  Erica (D:9)
  A two-headed ogre (D:9)
  An orc high priest (Orc:2)
  A troll (Orc:2)
  2 hogs (D:8)
  A hound (D:4)
7 creatures vanquished.

Vanquished Creatures (others)
  A human (Snake:2)
  An adder (D:12)
  6 fungi
  4 plants
12 creatures vanquished.

Grand Total: 743 creatures vanquished

Notes
Turn   | Place    | Note
-------+----------+-------------------------------------------
     0 | D:1      | Jannitor the Minotaur Chaos Knight began the quest for the
                  | Orb.
     0 | D:1      | Reached XP level 1. HP: 19/19 MP: 0/0
    32 | D:1      | XOM: silly message
   106 | D:1      | Reached XP level 2. HP: 26/27 MP: 1/1
   675 | D:2      | XOM: divination: detect items
   695 | D:2      | Reached XP level 3. HP: 30/33 MP: 2/2
   845 | D:2      | XOM: harmless Air miscast
   883 | D:2      | Found an iron altar of Okawaru.
   897 | D:2      | XOM: god gift: 14 stones
   926 | D:2      | Found a shadowy altar of Dithmenos.
  1285 | D:2      | Reached XP level 4. HP: 36/41 MP: 3/3
  1334 | D:3      | Noticed Robin
  1343 | D:3      | Killed Robin
  1531 | D:3      | Reached XP level 5. HP: 35/47 MP: 4/4
  1611 | D:3      | Found a shattered altar of Ashenzari.
  1819 | D:3      | XOM: give mutations
  1819 | D:3      | Gained mutation: You are clumsy. (Dex -2) [Xom's mischief]
  1819 | D:3      | Gained mutation: Armour fits poorly on your strangely
                  | shaped body. [Xom's mischief]
  1819 | D:3      | Gained mutation: You possess an exceptional clarity of
                  | mind. [Xom's mischief]
  1822 | D:3      | XOM: scenery: create altars
  1898 | D:3      | XOM: 6-stop teleportation journey
  2088 | D:3      | Found a basalt altar of Yredelemnul.
  2341 | D:4      | Noticed a centaur
  2341 | D:4      | an orc changed into a centaur
  2341 | D:4      | XOM: summons friendly shadow imp
  2346 | D:4      | Killed a centaur
  2346 | D:4      | Reached skill level 5 in Fighting
  2346 | D:4      | Reached skill level 5 in Axes
  2346 | D:4      | Reached XP level 6. HP: 22/56 MP: 5/5
  2609 | D:4      | Found a sparkling altar of Nemelex Xobeh.
  2672 | D:4      | XOM: confuse monster(s)
  2679 | D:4      | Found the +7 longbow "Piercer" {penet, EV-2}
  2839 | D:2      | XOM: scenery: create altars
  2974 | D:4      | Reached skill level 1 in Bows
  2974 | D:4      | Reached XP level 7. HP: 50/62 MP: 6/6
  3174 | D:4      | Found a burning altar of Makhleb.
  3395 | D:5      | Entered Level 5 of the Dungeon
  3487 | D:5      | Noticed Blork the orc
  3491 | D:5      | Killed Blork the orc
  3491 | D:5      | Reached skill level 2 in Bows
  3603 | D:5      | XOM: 1-stop teleportation journey
  3685 | D:5      | XOM: silly message
  3808 | D:5      | Noticed Pikel
  3814 | D:5      | XOM: divination: detect creatures
  3834 | D:5      | XOM: divination: detect creatures
  3836 | D:5      | Killed Pikel
  3836 | D:5      | Reached skill level 4 in Bows
  3836 | D:5      | Reached skill level 5 in Dodging
  3836 | D:5      | Reached XP level 8. HP: 46/71 MP: 7/7
  3850 | D:5      | XOM: cloud trail
  4039 | D:5      | XOM: scenery: create altars
  4400 | D:5      | XOM: scenery: 1 doors close
  4514 | D:5      | XOM: give mutation
  4514 | D:5      | Gained mutation: Your muscles are strong. (Str +2) [Xom's
                  | grace]
  4582 | D:5      | Found an opulent altar of Gozag.
  4603 | D:6      | XOM: noise
  4629 | D:6      | Found a shattered altar of Ashenzari.
  4694 | D:6      | XOM: scenery: create altars
  4697 | D:6      | XOM: polymorph ogre -> centaur
  4698 | D:6      | XOM: polymorph centaur -> killer bee
  4715 | D:6      | Reached skill level 5 in Bows
  4715 | D:6      | Reached skill level 5 in Armour
  4716 | D:6      | XOM: scenery: create altars
  4749 | D:6      | XOM: 4-stop teleportation journey
  4821 | D:6      | XOM: 2-stop teleportation journey
  5052 | D:6      | XOM: god gift: sedimented orange potion {god gift}
  5188 | D:6      | Found an ancient bone altar of Kikubaaqudgha.
  5247 | D:6      | Got an ichor-stained scale mail
  5258 | D:6      | Identified the +1 scale mail of the Blessed Realm {Regen+}
                  | (You found it on level 6 of the Dungeon)
  5287 | D:6      | XOM: 1-stop teleportation journey
  5322 | D:6      | Reached skill level 6 in Bows
  5423 | D:7      | Found Iggu's Jewellery Boutique.
  5454 | D:7      | Found a hide-covered altar of Uskayaw.
  5455 | D:7      | Noticed a +0 dagger
  5455 | D:7      | Noticed a +0 dagger
  5623 | D:7      | Found a staircase to the Ecumenical Temple.
  5623 | D:7      | XOM: 3-stop teleportation journey
  5700 | D:7      | Bought an uncursed amulet of regeneration for 390 gold
                  | pieces
  5753 | D:7      | Reached skill level 7 in Bows
  5753 | D:7      | Reached XP level 9. HP: 81/81 MP: 8/8
  5825 | D:7      | XOM: 1-stop teleportation journey
  6332 | D:8      | XOM: god gift: 26 gold pieces
  6363 | D:8      | Reached skill level 8 in Bows
  6460 | D:8      | Found Ainoniry's Alliterative Accessories.
  6469 | D:8      | Bought a potion of agility for 44 gold pieces
  6552 | D:8      | Reached skill level 9 in Bows
  6580 | D:8      | Found a staircase to the Lair.
  6710 | D:8      | XOM: polymorph killer bee -> hound
  6838 | D:8      | XOM: summons 9 friendly demons
  6840 | D:8      | XOM: divination: detect creatures
  6850 | D:8      | Reached XP level 10. HP: 91/91 MP: 9/9
  6879 | D:8      | XOM: scenery: create altars
  7003 | D:8      | Reached skill level 10 in Bows
  7032 | D:8      | XOM: noise
  7561 | D:6      | XOM: summons 1 hostile shadow creature
  7590 | D:6      | XOM is BORED!
  7590 | D:6      | XOM: medium Ice miscast
  7955 | D:9      | Noticed a two-headed ogre
  7955 | D:9      | XOM: cast spell 'Monstrous Menagerie'
  7958 | D:9      | XOM: give mutations
  7958 | D:9      | Gained mutation: You are partially covered in iridescent
                  | scales. (AC +2) [Xom's grace]
  7958 | D:9      | Gained mutation: You have large cloven feet. [Xom's grace]
  7958 | D:9      | Gained mutation: You expend magic power (3 MP) to
                  | strengthen your wands. [Xom's grace]
  7959 | D:9      | Killed a two-headed ogre
  7994 | D:9      | Noticed a five-headed hydra
  8013 | D:9      | XOM: confuse monster(s)
  8016 | D:9      | XOM: confuse monster(s)
  8021 | D:9      | XOM: cast spell 'Call Canine Familiar'
  8133 | D:9      | Noticed Erica
  8133 | D:9      | XOM: summons 3 hostile demons
  8134 | D:9      | Noticed a rust devil
  8138 | D:9      | XOM: summons 7 friendly demons
  8163 | D:9      | Killed Erica
  8163 | D:9      | Reached skill level 10 in Fighting
  8299 | D:8      | Found a snail-covered altar of Cheibriados.
  8340 | D:9      | XOM: harmless Hex miscast
  8347 | D:9      | XOM: enchant monster (bad)
  8350 | D:9      | XOM: potion effect (agility)
  8365 | D:9      | XOM: noise
  8374 | D:9      | XOM: cast spell 'Monstrous Menagerie'
  8384 | D:9      | Killed a five-headed hydra
  8384 | D:9      | Reached skill level 11 in Bows
  8804 | D:9      | Found Vot Woalet's General Store.
  8814 | D:9      | Bought a scroll of teleportation for 39 gold pieces
  8836 | D:9      | XOM: harmless Conj miscast
  9034 | D:10     | XOM: noise
  9034 | D:10     | Entered Level 10 of the Dungeon
  9038 | D:10     | Reached XP level 11. HP: 101/101 MP: 10/10
  9041 | D:10     | XOM: confuse monster(s)
  9060 | D:10     | Reached skill level 12 in Bows
  9061 | D:10     | XOM: confuse monster(s)
  9096 | D:10     | Found a runed translucent door.
  9102 | D:10     | Found Ziplilos's Armour Emporium.
  9105 | D:10     | Reached skill level 10 in Armour
  9105 | D:10     | Noticed a necromancer
  9313 | D:10     | Found a runed translucent door.
  9324 | D:10     | Noticed a wolf spider
  9327 | D:10     | Noticed a skeletal warrior
  9327 | D:10     | Noticed a skeletal warrior
  9328 | D:10     | Noticed a glowing orange brain
  9329 | D:10     | Noticed a lich
  9329 | D:10     | Noticed Acheron's ghost (novice HaHu)
  9423 | D:10     | Found a staircase to the Orcish Mines.
  9604 | Lair:1   | Entered Level 1 of the Lair of Beasts
  9608 | Lair:1   | Found a blossoming altar of Fedhas.
  9629 | Lair:1   | Noticed an oklob plant
  9690 | Lair:1   | XOM: harmless Conj miscast
  9721 | Lair:1   | Noticed a four-headed hydra
  9726 | Lair:1   | Killed a four-headed hydra
  9741 | Lair:1   | Noticed an oklob plant
  9748 | Lair:1   | Killed an oklob plant
  9749 | Lair:1   | Noticed an oklob plant
  9751 | Lair:1   | XOM: confuse monster(s)
  9921 | Lair:1   | Killed an oklob plant
 10088 | Lair:1   | XOM: summons 1 hostile demon
 10284 | Lair:1   | XOM is BORED!
 10284 | Lair:1   | XOM: medium Tmut miscast
 10371 | Lair:1   | Reached skill level 13 in Bows
 10709 | Lair:2   | XOM: destruction
 10712 | Lair:2   | XOM: 5-stop teleportation journey
 11149 | Lair:2   | XOM: summons friendly quasit
 11352 | Lair:2   | XOM: blink monster(s)
 11361 | Lair:2   | Reached XP level 12. HP: 91/112 MP: 11/11
 11410 | Lair:2   | XOM: silly message
 11479 | Lair:2   | Found a staircase to the Snake Pit.
 11784 | Lair:3   | XOM: noise
 12281 | Lair:3   | XOM: medium Conj miscast
 12400 | Lair:3   | XOM: mild Tloc miscast
 12412 | Lair:3   | Reached skill level 14 in Bows
 12596 | Lair:3   | Noticed a four-headed hydra
 12649 | Lair:3   | Noticed Gastronok
 12649 | Lair:3   | Noticed Gastronok
 12649 | Lair:3   | Gastronok changed into Gastronok the juggernaut
 12649 | Lair:3   | XOM: polymorph Gastronok -> Gastronok the juggernaut
 12958 | D:7      | Bought an uncursed ring of protection from magic for 325
                  | gold pieces
 13067 | D:10     | XOM: give mutations
 13067 | D:10     | Lost mutation: You possess an exceptional clarity of mind.
                  | [Xom's mischief]
 13067 | D:10     | Gained mutation: You are frail. (-10% HP) [Xom's mischief]
 13094 | Orc:1    | Entered Level 1 of the Orcish Mines
 13314 | D:10     | XOM: scenery: 1 doors close
 13438 | D:11     | XOM: enchant monster (bad)
 13562 | D:11     | Noticed a four-headed hydra
 13566 | D:11     | Killed a four-headed hydra
 14102 | D:12     | XOM: stat loss: -1 Dex (8/9)
 14136 | D:12     | XOM: cleaving
 14190 | D:12     | Found a sacrificial altar of Ru.
 14249 | D:12     | Noticed a seven-headed hydra
 14250 | D:12     | XOM: noise
 14254 | D:12     | XOM: enchant monster (good)
 14264 | D:12     | Killed a seven-headed hydra
 14365 | D:12     | XOM: harmless Hex miscast
 14398 | D:12     | Noticed a two-headed ogre
 14406 | D:12     | XOM: potion effect (might)
 14498 | D:12     | XOM: fog
 14531 | D:12     | Killed a two-headed ogre
 14763 | D:12     | Noticed a two-headed ogre
 14772 | D:12     | XOM: enchant monster (good)
 14781 | D:12     | Killed a two-headed ogre
 14941 | D:13     | Found a gate leading to a gauntlet.
 14956 | Gauntlet | Entered a Gauntlet
 14956 | Gauntlet | Found a transporter.
 14956 | Gauntlet | Found a transporter.
 14956 | Gauntlet | Found a transporter.
 14966 | Gauntlet | Found a transporter.
 14969 | Gauntlet | Found a transporter.
 14977 | Gauntlet | Found a transporter.
 14980 | Gauntlet | Found a transporter.
 14986 | Gauntlet | Noticed a death scarab
 14991 | Gauntlet | Found a transporter.
 14997 | Gauntlet | Noticed a death scarab
 15006 | Gauntlet | Found a transporter.
 15024 | Gauntlet | Found a transporter.
 15027 | Gauntlet | Found a transporter.
 15028 | Gauntlet | Noticed a queen ant
 15037 | Gauntlet | Found a transporter.
 15316 | Gauntlet | XOM: divination: detect creatures
 15329 | Gauntlet | Reached skill level 15 in Bows
 15335 | Gauntlet | Killed a queen ant
 15335 | Gauntlet | Reached XP level 13. HP: 57/109 MP: 0/12
 15449 | Gauntlet | XOM: potion effect (heal wounds)
 15466 | Gauntlet | Got a glittering pewter ring
 15468 | Gauntlet | Identified the ring of the Many Hells {*Tele rElec Str+3}
                  | (You found it in a Gauntlet)
 15473 | Gauntlet | Lost mutation: You are frail. (-10% HP) [potion of
                  | mutation]
 15473 | Gauntlet | Lost mutation: You are partially covered in iridescent
                  | scales. (AC +2) [potion of mutation]
 15473 | Gauntlet | Lost mutation: You have large cloven feet. [potion of
                  | mutation]
 15473 | Gauntlet | Gained mutation: You are dopey. (Int -2) [potion of
                  | mutation]
 15473 | Gauntlet | Gained mutation: Your flesh is cold resistant. (rC+)
                  | [potion of mutation]
 15473 | Gauntlet | Gained mutation: You are partially covered in iridescent
                  | scales. (AC +2) [potion of mutation]
 15474 | Gauntlet | Lost mutation: You are partially covered in iridescent
                  | scales. (AC +2) [potion of mutation]
 15474 | Gauntlet | Lost mutation: Your muscles are strong. (Str +2) [potion of
                  | mutation]
 15474 | Gauntlet | Gained mutation: Scrolls take you a little longer to read.
                  | [potion of mutation]
 15474 | Gauntlet | Gained mutation: Your system is resistant to poisons.
                  | (rPois) [potion of mutation]
 15475 | Gauntlet | Lost mutation: You expend magic power (3 MP) to strengthen
                  | your wands. [potion of mutation]
 15475 | Gauntlet | Lost mutation: You are dopey. (Int -2) [potion of mutation]
 15475 | Gauntlet | Lost mutation: You are clumsy. (Dex -2) [potion of
                  | mutation]
 15475 | Gauntlet | Gained mutation: You have a beak for a mouth. [potion of
                  | mutation]
 15475 | Gauntlet | Gained mutation: You have large cloven feet. [potion of
                  | mutation]
 15495 | Gauntlet | Noticed a minotaur
 15501 | Gauntlet | XOM: noise
 15503 | Gauntlet | Killed a minotaur
 15509 | Gauntlet | Identified the Incunabulum of Icy Feathers
 15516 | Gauntlet | Lost mutation: Scrolls take you a little longer to read.
                  | [potion of mutation]
 15516 | Gauntlet | Lost mutation: Your flesh is cold resistant. (rC+) [potion
                  | of mutation]
 15516 | Gauntlet | Lost mutation: You have a beak for a mouth. [potion of
                  | mutation]
 15516 | Gauntlet | Lost mutation: You have large cloven feet. [potion of
                  | mutation]
 15516 | Gauntlet | Gained mutation: Your mind is acute. (Int +2) [potion of
                  | mutation]
 15516 | Gauntlet | Gained mutation: You are covered in fur. (AC +1) [potion of
                  | mutation]
 15516 | Gauntlet | Gained mutation: Scrolls take you a little longer to read.
                  | [potion of mutation]
 15516 | Gauntlet | Gained mutation: Your flesh is cold resistant. (rC+)
                  | [potion of mutation]
 15677 | D:13     | XOM: potion effect (haste)
 15933 | D:13     | XOM: noise
 15951 | D:13     | XOM: cast spell 'Ring of Flames'
 16269 | D:14     | Found a runed translucent door.
 16413 | D:14     | XOM: noise
 16468 | D:14     | XOM: 1-stop teleportation journey
 16592 | D:14     | Got an ancient steel ring
 16711 | D:14     | Found a gate to the Vaults.
 16841 | D:14     | XOM: confusion
 16876 | D:14     | XOM: scenery: 1 doors open
 17114 | D:14     | Lost mutation: Scrolls take you a little longer to read.
                  | [potion of mutation]
 17114 | D:14     | Lost mutation: Armour fits poorly on your strangely shaped
                  | body. [potion of mutation]
 17114 | D:14     | Lost mutation: Your mind is acute. (Int +2) [potion of
                  | mutation]
 17114 | D:14     | Lost mutation: Your flesh is cold resistant. (rC+) [potion
                  | of mutation]
 17114 | D:14     | Gained mutation: You have large cloven feet. [potion of
                  | mutation]
 17114 | D:14     | Gained mutation: You are clumsy. (Dex -2) [potion of
                  | mutation]
 17114 | D:14     | Gained mutation: Your flesh is heat resistant. (rF+)
                  | [potion of mutation]
 17277 | Orc:1    | XOM: cast spell 'Chain of Chaos'
 17299 | Orc:1    | Noticed an ettin
 17393 | Orc:1    | XOM: confuse monster(s)
 17477 | Orc:1    | XOM: god gift: 17 gold pieces
 17546 | Orc:1    | XOM: scenery: create altars
 17559 | Orc:1    | XOM: give mutation
 17559 | Orc:1    | Gained mutation: Your flesh is cold resistant. (rC+) [Xom's
                  | grace]
 17696 | Orc:1    | XOM: scenery: create altars
 17808 | Orc:2    | Entered Level 2 of the Orcish Mines
 17822 | Orc:2    | XOM: summons 9 friendly demons
 17828 | Orc:2    | XOM: enchant monster (good)
 17829 | Orc:2    | Reached skill level 16 in Bows
 17936 | Orc:2    | Found a staircase to the Elven Halls.
 17982 | Orc:2    | Found a roughly hewn altar of Beogh.
 18252 | Orc:2    | XOM: polymorph orc sorcerer -> jumping spider
 18279 | Orc:2    | Identified the ring of the Vanishing Deaths {EV+2 Slay+3
                  | SInv} (You found it on level 14 of the Dungeon)
 18386 | Orc:2    | Reached XP level 14. HP: 121/130 MP: 13/13
 18399 | Orc:2    | Found an ancient bone altar of Kikubaaqudgha.
 18418 | Orc:2    | Found Keoczuf's Magic Scroll Boutique.
 18434 | Orc:2    | Noticed Erolcha
 18438 | Orc:2    | XOM is BORED!
 18438 | Orc:2    | XOM: blink monster(s)
 18440 | Orc:2    | Killed Erolcha
 18450 | Orc:2    | Found a radiant altar of Vehumet.
 18467 | Orc:2    | Bought a scroll of enchant weapon for 97 gold pieces
 18545 | Orc:2    | Found a roughly hewn altar of Beogh.
 18546 | Orc:2    | Found Joaxauw's Magic Scroll Boutique.
 18557 | Orc:2    | Found Isuwnuos's Antique Armour Shop.
 18567 | Orc:2    | Found Uxtigedo's Gadget Shop.
 18605 | Orc:2    | Bought a runed scarf for 320 gold pieces
 18890 | Orc:2    | Bought a scroll of enchant weapon for 105 gold pieces
 18988 | D:10     | XOM: scenery: create altars
 18993 | D:10     | XOM: summons 2 friendly demons
 18994 | D:10     | XOM: god gift: 360 gold pieces
 19152 | D:8      | XOM is BORED!
 19152 | D:8      | XOM: mild Summ miscast
 19243 | D:9      | Bought a potion of haste for 130 gold pieces
 19243 | D:9      | Bought a scroll of holy word for 97 gold pieces
 19250 | D:9      | XOM: god gift: ring mail {god gift}
 19353 | D:10     | Bought a +2 pair of boots of flying for 301 gold pieces
 19377 | D:10     | XOM: medium Ice miscast
 19460 | D:14     | XOM: cloud trail
 19478 | D:15     | Entered Level 15 of the Dungeon
 19507 | D:15     | XOM: 1-stop teleportation journey
 19566 | D:15     | XOM: noise
 19616 | D:15     | XOM: silly message
 19631 | D:15     | XOM: summons 1 hostile shadow creature
 19652 | D:15     | Reached skill level 10 in Axes
 19668 | D:15     | XOM: mild Hex miscast
 19714 | D:15     | Found a staircase to the Depths.
 19798 | D:15     | Found a basalt altar of Yredelemnul.
 19956 | D:15     | XOM: harmless Fire miscast
 19979 | D:15     | Noticed Roxanne
 20351 | D:15     | XOM: harmless Erth miscast
 20400 | D:15     | XOM: scenery: 1 doors open, 1 doors close
 20420 | D:15     | Killed Roxanne
 20781 | Snake:1  | Entered Level 1 of the Snake Pit
 21137 | Snake:1  | Found Gilets's Gadget Shoppe.
 21138 | Snake:1  | Found Butz's Jewellery Boutique.
 21139 | Snake:1  | Found Pezel's Gadget Shoppe.
 21148 | Snake:1  | Bought a lamp of fire for 640 gold pieces
 21245 | Snake:1  | XOM: give mutations
 21245 | Snake:1  | Gained mutation: Armour fits poorly on your strangely
                  | shaped body. [Xom's mischief]
 21245 | Snake:1  | Gained mutation: Your natural rate of healing is unusually
                  | fast. [Xom's mischief]
 21245 | Snake:1  | Lost mutation: Your flesh is cold resistant. (rC+) [Xom's
                  | mischief]
 21245 | Snake:1  | Lost mutation: Your flesh is heat resistant. (rF+) [Xom's
                  | mischief]
 21370 | Snake:2  | Found a transporter.
 21370 | Snake:2  | Found a sacrificial altar of Ru.
 21370 | Snake:2  | XOM: 10-stop teleportation journey
 21375 | Snake:2  | Reached skill level 1 in Evocations
 21429 | Snake:2  | Reached skill level 17 in Bows
 21547 | Snake:2  | XOM: scenery: create altars
 21559 | Snake:2  | Noticed jotwebe's ghost (adept DrCj)
 21603 | Snake:2  | XOM: god gift: scroll of random uselessness
 21604 | Snake:2  | Found a transporter.
 21675 | Snake:2  | XOM: polymorph black mamba -> orb spider
 21741 | Snake:2  | Noticed Kirke
 21745 | Snake:2  | XOM: cast spell 'Summon Mana Viper'
 21755 | Snake:2  | Killed Kirke
 21890 | Snake:2  | Noticed Aizul
 21899 | Snake:2  | XOM: enchant monster (good)
 21907 | Snake:2  | Killed Aizul
 22127 | Snake:2  | XOM: confuse monster(s)
 22135 | Snake:2  | XOM: summons 7 hostile demons
 22206 | Snake:2  | XOM: scenery: create altars
 22368 | Snake:2  | XOM: harmless Ice miscast
 22454 | Snake:2  | XOM: chaos cloud
 22457 | Snake:2  | Reached XP level 15. HP: 77/139 MP: 5/15
 22575 | Snake:2  | XOM: swap monsters
 22576 | Snake:2  | XOM: polymorph mana viper -> merfolk
 22610 | Snake:3  | XOM: enchant monster (good)
 22619 | Snake:3  | XOM: chaos upgrade
 22620 | Snake:3  | XOM: mild Fire miscast
 22624 | Snake:3  | XOM: noise
 22630 | Snake:3  | XOM: blink monster(s)
 22634 | Snake:4  | Entered Level 4 of the Snake Pit
 22641 | Snake:3  | XOM: repel stairs
 22646 | Snake:3  | XOM: divination: detect creatures
 22672 | Snake:3  | Found an opulent altar of Gozag.
 22688 | Snake:3  | XOM: medium Necr miscast
 22693 | Snake:3  | XOM: enchant monster (bad)
 22696 | Snake:3  | XOM: polymorph shock serpent -> floating eye
 22744 | Snake:3  | XOM: enchant monster (good)
 22761 | Snake:3  | XOM: harmless Pois miscast
 22811 | Snake:3  | XOM: 2-stop teleportation journey
 22837 | Snake:3  | XOM: give mutations
 22837 | Snake:3  | Lost mutation: You are clumsy. (Dex -2) [Xom's mischief]
 22837 | Snake:3  | Gained mutation: You can translocate small distances at
                  | will. [Xom's mischief]
 22837 | Snake:3  | Lost mutation: You are covered in fur. (AC +1) [Xom's
                  | mischief]
 22937 | Snake:3  | XOM: mild Erth miscast
 22974 | Snake:3  | Reached skill level 15 in Fighting
 23206 | Snake:3  | Found Moikig's General Store.
 23216 | Snake:3  | Found Fiwysas's Antique Weapon Shop.
 23219 | Snake:3  | Found Tecet's Magic Scroll Boutique.
 23227 | Snake:3  | Bought a scroll of blinking for 97 gold pieces
 23227 | Snake:3  | Bought a scroll of enchant weapon for 97 gold pieces
 23231 | Snake:3  | Bought a potion of mutation for 136 gold pieces
 23236 | Snake:3  | XOM: god gift: book of Air
 23550 | Snake:4  | Found Kalo's Armour Shoppe.
 23551 | Snake:4  | Found the +11 plutonium sword {*Contam Stlth-}
 23579 | Snake:4  | XOM: 1-stop teleportation journey
 23677 | Snake:4  | Reached skill level 10 in Dodging
 23682 | Snake:4  | XOM: chaos upgrade
 23685 | Snake:3  | XOM: enchant monster (bad)
 23688 | Snake:3  | XOM: smoke on damage
 23740 | Snake:3  | XOM: summons 7 hostile demons
 23802 | Snake:4  | XOM: blink monster(s)
 23802 | Snake:4  | XOM: smoke on damage
 23893 | Snake:4  | XOM: harmless Chrm miscast
 24063 | Snake:4  | XOM: harmless Pois miscast
 24065 | Snake:4  | Reached skill level 18 in Bows
 24216 | Snake:4  | XOM: confuse monster(s)
 24237 | Snake:4  | XOM: confuse monster(s)
 24748 | Orc:1    | XOM: stat loss: -1 Str (21/22)
 24859 | Elf:1    | XOM: stealth player
 24859 | Elf:1    | Entered Level 1 of the Elven Halls
 24890 | Elf:1    | XOM: enchant monster (bad)
 24903 | Elf:1    | Mangled by a deep elf knight

Skill      XL: |  1  2  3  4  5  6  7  8  9 10 11 12 13 14 15 |
---------------+----------------------------------------------+-----
Fighting       | 4 5 6 7 9 10 12 13 14 15 | 15.3
Axes           | 4 5 7 9 10 11 | 11.8
Armour         | 3 4 6 8 9 11 12 13 14 | 14.8
Dodging        | 2 3 4 5 7 9 10 | 10.4
Bows           | 1 4 7 9 11 13 15 16 17 18 | 18.2
Evocations     | 2 4 |  4.0

Action                   |  1- 3 |  4- 6 |  7- 9 | 10-12 | 13-15 || total
-------------------------+-------+-------+-------+-------+-------++-------
Melee: Hand axe          |   105 |   132 |     5 |       |       ||   242
       Headbutt          |    11 |    19 |     1 |     4 |    19 ||    54
       War axe           |       |       |       |    26 |       ||    26
       Longbow           |       |       |       |     2 |       ||     2
       Battleaxe         |       |       |       |       |    90 ||    90
 Fire: Longbow           |       |     8 |   232 |   580 |   993 ||  1813
Evoke: Wand              |       |       |       |     9 |       ||     9
       Sack of spiders   |       |       |       |       |     2 ||     2
  Use: Potion            |       |     1 |     1 |     4 |    17 ||    23
       Scroll            |       |       |     5 |    22 |    20 ||    47
 Stab: Paralysed         |       |     1 |       |       |       ||     1
       Petrified         |       |       |       |       |     3 ||     3
       Petrifying        |       |       |       |       |     1 ||     1
  Eat: Chunk             |    17 |     5 |     8 |    21 |    18 ||    69
       Ration            |       |       |       |       |     3 ||     3
Armor: Leather armour    |    42 |    25 |     5 |       |       ||    72
       Scale mail        |       |       |    28 |   168 |   177 ||   373
       Skin              |       |       |       |    42 |       ||    42
Dodge: Dodged            |    71 |    82 |    56 |   186 |   326 ||   721
